 Dungeon Crawl Stone Soup version 0.30-a0-476-g330ca2eb8e (webtiles) character file.

Game seed: 4888403824652593152

79 Sweetruy1997 the Chiller (level 4, -5/31 HPs)
             Began as a Mummy Ice Elementalist on Dec 22, 2022.
             Slain by a gnoll
             ... wielding a +0 club
              (6 damage)
             ... on level 4 of the Dungeon.
             The game lasted 00:08:34 (2392 turns).

Sweetruy1997 the Chiller (Mummy Ice Elementalist)   Turns: 2392, Time: 00:08:35

Health: -5/31      AC:  6    Str: 11    XL:     4   Next: 16%
Magic:  8/9        EV: 11    Int: 16    God:
Gold:   79         SH:  0    Dex: 12    Spells: 3/10 levels left

rFire   x . .      SeeInvis .    c - +1 dagger
rCold   + + .      Faith    +    (no shield)
rNeg    + + +      Spirit   .    b - +1 leather armour of the Enchanted Forest {rC+ rCorr}
rPois   ∞          Reflect  .    (no helmet)
rElec   .          Harm     .    (no cloak)
rCorr   +          Rampage  .    (no gloves)
Will    .....                    d - +1 pair of boots
Stlth   ++........               (no amulet)
HPRegen 0.25/turn                (no ring)
MPRegen 0.11/turn                (no ring)

@: no status effects
A: cold resistance 1, negative energy resistance 3, torment resistance 2, heat
vulnerability 1, in touch with death 1, no potions, faith
a: no special abilities


You were on level 4 of the Dungeon.
You visited 1 branch of the dungeon, and saw 4 of its levels.

You collected 79 gold pieces.

Inventory:

Hand Weapons
 c - a +1 dagger (weapon)
Armour
 b - the +1 leather armour of the Enchanted Forest (worn) {rC+ rCorr}
   (You found it on level 2 of the Dungeon)

   rC:        It protects you from cold.
   rCorr:     It protects you from acid and corrosion.
 d - a +1 pair of boots (worn)
Scrolls
 a - a scroll of fog
 e - 3 scrolls of blinking
 f - a scroll of identify


   Skills:
 + Level 0.8 Fighting
 + Level 0.4 Short Blades
 + Level 0.3 Armour
 + Level 1.8 Dodging
 + Level 1.8 Stealth
 + Level 3.7 Spellcasting
 + Level 3.8 Ice Magic


You had 3 spell levels left.
You knew the following spells:

 Your Spells              Type           Power      Damage    Failure   Level
a - Freeze                Ice            60%        1d7       4%          1
b - Frozen Ramparts       Ice            30%        1d5       14%         3
c - Ozocubu's Armour      Ice            15%        N/A       14%         3

Your spell library contained the following spells:

 Spells                   Type           Power      Damage    Failure   Level
 Summon Ice Beast         Ice/Summ       9%         N/A       71%         4


Dungeon Overview and Level Annotations

Branches:
Dungeon (3/15)

Altars:


Innate Abilities, Weirdness & Mutations

You are immune to poison.
Your flesh is cold resistant. (rC+)
You are immune to negative energy. (rN+++)
You are immune to unholy pain and torment.
You are vulnerable to heat. (rF-)
You are in touch with the powers of death.
You do not drink.
You have a special connection with the divine. (Faith)


Message History

The kobold throws a poisoned dart.
The poisoned dart barely misses you.
Found 10 gold pieces and a potion of curing.
You hit the kobold.
You kill the kobold!
You hear the slow rusting of a drain nearby.
Things that are here:
a +0 club; 4 poisoned darts; a kobold corpse
Found a stone staircase leading up.
You now have 79 gold pieces (gained 10).
You see here a potion of curing.
You hear the slow rusting of a drain nearby.
An ogre comes into view. It is wielding a +0 giant club.
The ogre moves out of view.
The ogre shouts!
The ogre attacks as you move away! The ogre closely misses you.
A gnoll comes into view. It is wielding a +0 club.
The gnoll shouts!
The ogre attacks as you move away! The ogre misses you.
The gnoll hits you but does no damage.
You hit the gnoll.
The gnoll is lightly wounded.
The gnoll barely misses you.
You hit the gnoll.
The gnoll is moderately wounded.
The gnoll hits you with a +0 club.
The ogre hits you with a +0 giant club!!
Ouch! That really hurt!
* * * LOW HITPOINT WARNING * * *
Unknown command.
You are too injured to fight recklessly!
You are too injured to fight recklessly!
Casting: Freeze (safe; 4% risk of failure)
Confirm with . or Enter, or press ? or * to list all spells.
Aiming: Freeze (safe; 4% risk of failure)
Press: ? - help, Shift-Dir - straight line, f - gnoll
Aim: a gnoll, wielding a +0 club (moderately wounded)
You freeze the gnoll.
The gnoll is heavily wounded.
The gnoll hits you with a +0 club.
You die...

#.........
##........#
#####........#
...#........#
............#.
#...#.......#.#
#..###.....###.#
#..# ##..O##
#g## ..## ##..#
####@## ..#
##.###..##O# .##
#...# #.#.# .##
###.####.## ..#
#..##.## ..####
##....#
.....#####
######
.........#
.........#


You could see an ogre and a gnoll.

Vanquished Creatures
  Robin (D:2)
  3 worms (D:2)
  A dart slug (D:2)
  4 endoplasms (D:1)
  3 giant cockroaches
  15 goblins
  5 hobgoblins
  4 jackals (D:1)
  A quokka (D:1)
  6 ball pythons
  2 frilled lizards
  4 kobolds
  2 rats (D:1)
51 creatures vanquished.

Notes
Turn   | Place    | Note
-------+----------+-------------------------------------------
     0 | D:1      | Sweetruy1997 the Mummy Ice Elementalist began the quest for
                  | the Orb.
     0 | D:1      | Reached XP level 1. HP: 13/13 MP: 4/4
   127 | D:1      | Reached XP level 2. HP: 19/19 MP: 1/5
  1044 | D:2      | Noticed Robin
  1053 | D:1      | Gained mutation: You are in touch with the powers of death.
                  | [Mummy growth]
  1053 | D:1      | Reached XP level 3. HP: 22/25 MP: 7/7
  1057 | D:1      | Learned a level 3 spell: Frozen Ramparts
  1061 | D:1      | Learned a level 3 spell: Ozocubu's Armour
  1226 | D:2      | Identified the +7 halberd "Qoose" {drain, Fly rF+}
  1515 | D:2      | Killed Robin
  1515 | D:2      | Found a faded altar of an unknown god.
  1515 | D:2      | Noticed a shining eye
  1515 | D:2      | Noticed a floating eye
  1515 | D:2      | Noticed a shining eye
  1515 | D:2      | Noticed an eye of devastation
  1726 | D:2      | Reached XP level 4. HP: 6/31 MP: 7/9
  1950 | D:2      | Identified the +1 leather armour of the Enchanted Forest
                  | {rC+ rCorr}
  2213 | D:3      | You fall into a shaft and drop 1 floor!
  2370 | D:4      | Noticed an ogre
  2391 | D:4      | HP: 1/31 [ogre/+0 giant club (24)]
  2392 | D:4      | Slain by a gnoll

Illustrated notes

Levels and vault maps discovered:
D:1:      psy_arrival_dodecagon, layout_basic
D:2:      layout_basic, hellmonk_ecumenical_altar_watching_god, uniq_robin
D:3:      layout_basic, gammafunk_ghost_grave, uniq_sigmund
D:4:      layout_layer_cave, nicolae_overflow_squiral, marbit_many_paths,
          gup_sewer_entry_glass

Skill      XL: |  1  2 |
---------------+-------+-----
Spellcasting   | 3 |  3.7
Fighting       | |  0.8
Short Blades   | |  0.4
Armour         | |  0.3
Dodging        | |  1.8
Stealth        | |  1.8
Ice Magic      | |  3.8

Action                   |  1- 3 |  4- 6 || total
-------------------------+-------+-------++-------
Melee: Unarmed           |    37 |       ||    37
       Dagger            |    69 |    19 ||    88
 Cast: Freeze            |    42 |     8 ||    50
       Ozocubu's Armour  |     1 |       ||     1
       Frozen Ramparts   |     1 |       ||     1
  Use: Scroll            |     6 |     2 ||     8
 Stab: Sleeping          |     3 |       ||     3
Armor: Robe              |    10 |       ||    10
       Leather armour    |    19 |     8 ||    27
Dodge: Dodged            |   100 |    15 ||   115

Table legend: (Time is in decaauts)
 A = Elapsed time spent in this place.
 B = Non-inter-level travel time spent in this place.
 C = Inter-level travel time spent in this place.
 D = Time resting spent in this place.
 E = Time spent auto-exploring this place.
 F = Levels seen in this place.
 G = Mean time per level.
                   A        B        C        D        E       F      G
               +--------+--------+--------+--------+--------+-----+--------+
         Total |   2390 |   2332 |     58 |    110 |   1638 |   4 |  597.5 |
       Dungeon |   2390 |   2332 |     58 |    110 |   1638 |   4 |  597.5 |
               +--------+--------+--------+--------+--------+-----+--------+

Top non-repeatable levels by time:
     D:2: 1126 daAuts
     D:1: 1086 daAuts
     D:4: 178 daAuts
